details: 'crap tower rush recovery into awesome blocked mortar fort'

« prev index next »

General information

Mini Map

Players

team 1
HumanGoblinFingerer (blue | 72 APM | 3365 actions | 47:01)
Hero icon 5 Archmage
Ability icon 2 Blizzard
Ability icon 3 Brilliance Aura
Hero icon 6 Blood Mage
Ability icon 3 Flame Strike
Ability icon 2 Siphon Mana
Ability icon 1 Summon Phoenix

» actions
Assign group hotkey74
Basic commands114
Build / train190
ESC pressed8
Enter build submenu67
Enter hero's abilities submenu11
Give item / drop item4
Right click1402
Select / deselect795
Select group hotkey388
Use ability312
3365 total
» units
Peasant51
Sorceress8
Dragonhawk Rider14
Gryphon Rider2
Ogre Mauler1
Mortar Team2
78 total
» upgrades
Lumber Harvesting1
Sorceress Training2
Magic Sentry1
Control Magic1
Cloud1
Masonry3
Storm Hammers1
Animal War Training1
Swords3
Armor3
Plating3
Gunpowder3
Fragmentation Shards1
Flare1
25 total
» buildings
Lumber Mill1
Scout Tower45
Guard Tower34
Farm12
Altar of Kings1
Arcane Tower11
Arcane Vault1
Keep1
Arcane Sanctum1
Town Hall1
Gryphon Aviary2
Castle1
Barracks1
Blacksmith2
Workshop4
118 total
» build order
00:10 Lumber Mill
00:55 Scout Tower
01:00 Scout Tower
01:08 Guard Tower
01:15 Scout Tower
01:21 Guard Tower
01:22 Guard Tower
01:53 Guard Tower
01:54 Guard Tower
02:52 Farm
03:12 Scout Tower
03:35 Guard Tower
04:23 Scout Tower
04:34 Altar of Kings
04:36 Scout Tower
04:38 Scout Tower
04:41 Scout Tower
04:50 Arcane Tower
04:50 Arcane Tower
04:53 Farm
05:04 Scout Tower
05:05 Scout Tower
05:14 Guard Tower
05:22 Guard Tower
05:22 Guard Tower
05:32 Farm
05:36 Farm
05:46 Arcane Vault
06:26 Keep
06:58 Scout Tower
06:58 Scout Tower
06:59 Scout Tower
07:14 Guard Tower
07:21 Scout Tower
07:22 Scout Tower
07:46 Guard Tower
07:52 Guard Tower
09:02 Guard Tower
09:03 Scout Tower
09:03 Scout Tower
09:30 Guard Tower
09:30 Guard Tower
09:31 Guard Tower
09:43 Arcane Sanctum
10:46 Scout Tower
10:48 Scout Tower
10:50 Scout Tower
11:29 Guard Tower
11:33 Guard Tower
12:13 Farm
12:55 Scout Tower
12:55 Scout Tower
12:56 Scout Tower
12:57 Scout Tower
12:57 Scout Tower
12:58 Scout Tower
13:12 Scout Tower
13:24 Guard Tower
13:29 Town Hall
13:34 Arcane Tower
13:41 Guard Tower
13:41 Guard Tower
13:42 Guard Tower
13:53 Guard Tower
13:55 Guard Tower
13:55 Guard Tower
13:56 Guard Tower
14:54 Gryphon Aviary
15:27 Castle
15:30 Gryphon Aviary
18:30 Scout Tower
18:57 Arcane Tower
19:22 Scout Tower
19:24 Scout Tower
19:25 Scout Tower
19:26 Scout Tower
19:27 Scout Tower
20:01 Farm
20:11 Arcane Tower
20:13 Scout Tower
20:16 Scout Tower
20:17 Guard Tower
20:23 Scout Tower
20:24 Scout Tower
20:47 Guard Tower
22:34 Arcane Tower
22:35 Arcane Tower
22:45 Scout Tower
23:55 Guard Tower
23:57 Scout Tower
23:58 Scout Tower
24:37 Guard Tower
27:33 Arcane Tower
29:43 Barracks
29:44 Blacksmith
29:57 Scout Tower
30:00 Scout Tower
30:04 Scout Tower
30:12 Scout Tower
30:13 Scout Tower
30:45 Arcane Tower
31:02 Arcane Tower
31:04 Guard Tower
31:13 Farm
31:14 Farm
31:15 Farm
31:16 Farm
31:16 Farm
31:21 Farm
32:41 Workshop
32:43 Workshop
32:45 Workshop
32:47 Workshop
35:55 Blacksmith
» items
Mechanical Critter1
Lesser Clarity Potion3
Scroll of Regeneration6
Staff of Sanctuary2
Orb of Fire1
Potion of Healing2
Potion of Mana1
Scroll of Town Portal4
Periapt of Vitality1
Scroll of Healing1
Potion of Lesser Invulnerability1
23 total
team 2
NightElfCarthacus (green | 36 APM | 1700 actions | 46:58)
Hero icon 5 Demon Hunter
Ability icon 3 Immolation
Ability icon 2 Evasion
Hero icon 4 Beastmaster
Ability icon 2 Summon Bear
Ability icon 2 Summon Quilbeast
Hero icon 3 Naga Sea Witch
Ability icon 2 Frost Arrows
Ability icon 1 Forked Lightning

» actions
Assign group hotkey27
Basic commands19
Build / train126
Enter build submenu38
Enter hero's abilities submenu12
Give item / drop item13
Right click481
Select / deselect369
Select group hotkey486
Use ability129
1700 total
» units
Wisp45
Archer25
Huntress7
Dryad8
Forest Troll Shadow Priest1
86 total
» upgrades
Strength of the Wild1
Abolish Magic1
Reinforced Hides1
Nature's Blessing1
Well Spring1
5 total
» buildings
Altar of Elders1
Moon Well14
Ancient of War4
Hunter's Hall2
Tree of Ages1
Ancient Protector3
Ancient of Wonders2
Tree of Eternity1
Ancient of Lore1
Tree of Life3
32 total
» build order
00:07 Altar of Elders
00:10 Moon Well
00:15 Ancient of War
01:53 Moon Well
03:00 Ancient of War
04:52 Hunter's Hall
05:05 Moon Well
06:56 Tree of Ages
07:02 Ancient Protector
07:50 Moon Well
10:51 Ancient of Wonders
11:22 Tree of Eternity
11:52 Ancient of Lore
14:06 Moon Well
19:26 Moon Well
24:09 Tree of Life
24:22 Tree of Life
24:27 Ancient Protector
30:43 Moon Well
31:44 Moon Well
32:13 Ancient Protector
33:33 Moon Well
35:11 Ancient of War
35:36 Ancient of War
36:34 Hunter's Hall
37:13 Moon Well
37:58 Moon Well
41:04 Moon Well
41:32 Ancient of Wonders
42:44 Moon Well
43:42 Moon Well
45:31 Tree of Life
» items
Potion of Healing8
Scroll of Town Portal2
Lesser Clarity Potion1
Orb of Venom2
Scroll of Healing2
Potion of Lesser Invulnerability1
Scroll of Protection1
Potion of Mana1
18 total